 Dungeon Crawl Stone Soup version 0.20.0-15-g7f486f2 (webtiles) character file.

35 robba the Insei (level 3, -3/28 HPs)
             Began as a Demigod Transmuter on June 25, 2017.
             Slain by a worm (5 damage)
             ... on level 2 of the Dungeon.
             The game lasted 00:22:10 (1750 turns).

robba the Insei (Demigod Transmuter)                Turns: 1750, Time: 00:22:11

Health: -3/28      AC:  8    Str: 13    XL:     3   Next: 4%
Magic:  7/8        EV: 11    Int: 19    God:
Gold:   47         SH:  0    Dex: 16    Spells: 3/6 levels left

rFire    + . .     SeeInvis .   h - +1 dagger {+1}
rCold    . . .     Gourm    .   (no shield)
rNeg     . . .     Faith    .   i - +1 ring mail
rPois    +         Spirit   .   (no helmet)
rElec    .         Reflect  .   (no cloak)
rCorr    .         Harm     .   m - +0 pair of gloves
MR       .....                  e - +0 pair of boots
Stlth    +.........             (no amulet)
Regen    0.1/turn               f - ring of poison resistance
MPRegen  0.2/turn               l - ring of protection from fire

@: flying (expiring), very slightly contaminated
A: high mp 1
a: no special abilities


You were on level 2 of the Dungeon.
You were not hungry.

You visited 1 branch of the dungeon, and saw 2 of its levels.

You collected 47 gold pieces.

Inventory:

Hand Weapons
 h - a +1 dagger (weapon) {+1}
 o - a +0 mace
Missiles
 a - 7 poisoned needles
 g - 3 tomahawks of returning (quivered)
 k - 70 stones
Armour
 b - a +0 robe
 e - a +0 pair of boots (worn)
 i - a +1 ring mail (worn)
 j - a +0 leather armour
 m - a +0 pair of gloves (worn)
Jewellery
 f - a ring of poison resistance (left hand)
 l - a ring of protection from fire (right hand)
Wands
 r - a wand of paralysis (9/24)
Scrolls
 n - a scroll of enchant armour {armatura incantata}
Books
 c - a book of Changes

   Spells                             Type                      Level
   a - Beastly Appendage              Transmutation                1
   b - Sticks to Snakes               Transmutation                2
   c - Spider Form                    Transmutation/Poison         3
   d - Ice Form                       Ice/Transmutation            4
   e - Blade Hands                    Transmutation                5
Comestibles
 d - 2 bread rations
 q - a meat ration
 s - 3 chunks of flesh


   Skills:
 + Level 1.0 Fighting
 + Level 0.3 Short Blades
 + Level 2.1 Dodging
 + Level 0.8 Stealth
 - Level 3.0 Unarmed Combat
 + Level 2.0 Spellcasting
 + Level 2.0 Transmutations


You had 3 spell levels left.
You knew the following spells:

 Your Spells              Type           Power        Failure   Level  Hunger
a - Beastly Appendage     Tmut           #.....       16%         1    #......
b - Sticks to Snakes      Tmut           #.......     24%         2    ###....


Dungeon Overview and Level Annotations

Branches:
Dungeon (2/15)


Innate Abilities, Weirdness & Mutations

You have an increased reservoir of magic. (+10% MP)


Message History

You are starting to lose your buoyancy.
The worm closely misses you.
Your horns disappear.
The worm bites you.
* * * LOW HITPOINT WARNING * * *
Items here: ( )) †† a club; 3 stones; a dagger; a kobold corpse; a jackal corpse You hit the worm but do no damage.
You hit the worm.
The worm is lightly wounded.
The worm barely misses you.
You hit the worm.
The worm is moderately wounded.
You hit the worm.
The worm is moderately wounded.
The worm completely misses you.
You hit the worm.
The worm is moderately wounded.
The worm bites you.
You die...

.##...........###**,,*,**,,,,,,,*
.................,,,,*,,,,,,,,,,*
.##.....))....###***,****,,,,,,,*
#######...##### *,* *,,,,,,,* #
#...# *,# *,,,,,,,* # #...#
*##.#*********** #
##.#.########..##..*********
#.###...(..#.......,*,,,,,,,
#######.#.#####(@.......,,,*****,
.....###.## #.w..>....,,,* *,
####.# ### #.#.......,*,* **,
#***,**** #.#.......,*** *,*
#,,,,,,,******#.........,,* **,
.,,,,,*,,,,,,,..........,,* **
#,,*,,*,,,,,,,.>#.......,**
>,,,,,,,,***,##.##..##..**
**,*,**,,* *,**,,,,,*****


You could see a worm.

Vanquished Creatures
  An adder (D:2)
  3 bats
  9 goblins
  3 hobgoblins (D:2)
  A jackal (D:2)
  3 frilled lizards (D:1)
  3 kobolds
  3 rats
26 creatures vanquished.

Notes
Turn   | Place    | Note
-------+----------+-------------------------------------------
     0 | D:1      | robba the Demigod Transmuter began the quest for the Orb.
     0 | D:1      | Reached XP level 1. HP: 15/15 MP: 5/5
   654 | D:1      | Reached XP level 2. HP: 22/22 MP: 7/7
   759 | D:1      | Reached skill level 3 in Unarmed Combat
  1443 | D:2      | Reached skill level 1 in Fighting
  1713 | D:2      | Learned a level 2 spell: Sticks to Snakes
  1741 | D:2      | Reached XP level 3. HP: 8/28 MP: 5/8
  1745 | D:2      | HP: 1/28 [worm (6)]
  1750 | D:2      | Slain by a worm

Skill      XL: |  1  2 |
---------------+-------+-----
Dodging        | 2 |  2.1
Transmutations | 2 |  2.0
Unarmed Combat | 3 |  3.0
Fighting       | 1 |  1.0
Spellcasting   | 2 |  2.0
Short Blades   | |  0.3
Stealth        | |  0.8

Action                   || total
-------------------------++-------
Melee: Dagger            ||    87
       Unarmed           ||     3
       Punch             ||     5
       Mace              ||    13
       Headbutt          ||     4
Throw: Tomahawk          ||     2
 Cast: Beastly Appendage ||     5
  Use: Scroll            ||     6
       Potion            ||     1
 Stab: Sleeping          ||     1
  Eat: Meat ration       ||     1
       Chunk             ||     1
Armor: Ring mail         ||    39
       Robe              ||     2
Dodge: Dodged            ||    70
